 Dungeon Crawl Stone Soup version 0.20.0-8-g6b59dc7 (webtiles) character file.

9583 RKaid the Basher (level 11, -2/73 HPs)
             Began as a Gargoyle Gladiator on May 30, 2017.
             Was a High Priest of Okawaru.
             Killed from afar by a catoblepas (5 damage)
             ... with a blast of calcifying dust
             ... on level 9 of the Dungeon on May 31, 2017.
             The game lasted 00:27:49 (11679 turns).

RKaid the Basher (Gargoyle Gladiator)              Turns: 11679, Time: 00:27:50

Health: -2/73      AC: 22    Str: 20    XL:     11   Next: 48%
Magic:  11/11      EV: 12    Int: 10    God:    Okawaru [*****.]
Gold:   0          SH:  5    Dex: 11    Spells: 10/10 levels left

rFire    + . .     SeeInvis .   a - +4 morningstar (curse)
rCold    . . .     Gourm    .   B - +0 buckler
rNeg     + . .     Faith    .   N - +1 ring mail {rF+}
rPois    ∞         Spirit   .   A - +2 hat
rElec    +         Reflect  .   d - +0 cloak
rCorr    +         Harm     .   c - +1 pair of gloves
MR       .....                  r - +1 pair of boots
Stlth    +.........             (no amulet)
Regen    0.3/turn               E - +1 ring of evasion
MPRegen  0.2/turn               s - ring of resist corrosion

@: hasted, very quick
A: negative energy resistance 1, electricity resistance, unbreathing,
petrification resistance, no potion heal 1, rot immunity, AC +7
a: Heroism, Finesse, Renounce Religion


You were on level 9 of the Dungeon.
You worshipped Okawaru.
Okawaru was extremely pleased with you.
You were not hungry.

You visited 1 branch of the dungeon, and saw 9 of its levels.
You also visited: Sewer.

Inventory:

Hand Weapons
 a - a cursed +4 morningstar (weapon)
   (You took it off a wight on level 8 of the Dungeon)
 l - the +4 demon trident of the Priest {drain, +Inv rPois rF- Int+4, unknown}
   (Okawaru gifted it to you on level 8 of the Dungeon)

   A truly terrible weapon, it drains the life of those it strikes.
   It affects your intelligence (+4).
   It makes you vulnerable to fire.
   It protects you from poison.
   It lets you turn invisible.
Armour
 c - a +1 pair of gloves (worn)
   (You found it on level 5 of the Dungeon)
 d - a +0 cloak (worn)
   (You found it on level 9 of the Dungeon)
 r - a +1 pair of boots (worn)
   (You found it on level 3 of the Dungeon)
 A - a +2 hat (worn)
   (You found it on level 3 of the Dungeon)
 B - a +0 buckler (worn)
   (You found it in a sewer)
 F - a +0 chain mail
   (You took it off an orc on level 4 of the Dungeon)
 N - a +1 ring mail of fire resistance (worn)
   (You took it off Joseph on level 7 of the Dungeon)
Jewellery
 p - an uncursed ring of positive energy {rN+}
   (You found it on level 1 of the Dungeon)
 s - a ring of resist corrosion (right hand)
   (You found it on level 1 of the Dungeon)
 E - a +1 ring of evasion (left hand)
   (You found it on level 3 of the Dungeon)
 G - an uncursed ring of see invisible {sInv}
   (You found it on level 5 of the Dungeon)
Wands
 q - a wand of polymorph (12/24)
   (You took it off Sigmund on level 2 of the Dungeon)
 C - a wand of clouds (0/9)
   (You found it on level 5 of the Dungeon)
 D - a wand of digging (21/24)
   (You found it on level 3 of the Dungeon)
 Q - a wand of flame (19/48)
   (You took it off a crimson imp on level 7 of the Dungeon)
Scrolls
 o - 9 scrolls of remove curse
 v - 4 scrolls of fog
 x - 3 scrolls of teleportation
 y - a scroll of recharging
 H - a scroll of enchant armour
 I - 2 scrolls of magic mapping {!r}
 J - a scroll of enchant weapon
 P - 2 scrolls of amnesia
Potions
 b - 5 potions of invisibility
 e - a potion of degeneration {unknown}
 g - 5 potions of flight
 h - 4 potions of lignification {!q}
 j - a potion of magic
 k - 2 potions of haste
 n - 3 potions of mutation {!q!q}
 t - 2 potions of curing
 w - 2 potions of brilliance
 z - a potion of agility {unknown}
 R - a potion of might {unknown}
Comestibles
 f - 9 bread rations
 K - 7 meat rations
 S - a royal jelly


   Skills:
 + Level 10.4 Fighting
 * Level 13.4 Maces & Flails
 - Level 1.7 Throwing
 - Level 4.4 Armour
 - Level 2.4 Dodging
 - Level 5.3 Shields


You had 10 spell levels left.
You didn't know any spells.

Dungeon Overview and Level Annotations

Branches:
Dungeon (9/15)             Temple (0/1) D:7            Lair (0/6) D:9
    Orc (0/2) D:9

Altars:
Ashenzari
Cheibriados
Gozag
Makhleb
Okawaru
Yredelemnul

Shops:
D:9 [

Annotations:
D:9 Maurice


Innate Abilities, Weirdness & Mutations

You are resistant to torment.
Your stone body is resilient. (AC +7)
You are immune to poison.
You resist negative energy. (rN+)
You are resistant to electric shocks. (rElec)
You can survive without breathing.
You are immune to petrification.
You are immune to rotting.
Potions are less effective at restoring your health.


Message History

The catoblepas closely misses you.
There is an open door, spattered with blood here.
Things that are here:
a dire flail; a giant club; a two-headed ogre corpse You hit the deep troll.
The deep troll completely misses you.
The deep troll claws you but does no damage.
The deep troll closely misses you.
You puncture the deep troll! The catoblepas gores you!
The catoblepas gores you.
Things that are here:
a runed peridot ring; 14 gold pieces; a bullfrog corpse You thump the deep troll!
The deep troll bites you!
* * * LOW HITPOINT WARNING * * *
The deep troll claws you but does no damage.
The deep troll claws you.
* * * LOW HITPOINT WARNING * * *
The catoblepas barely misses you. The catoblepas barely misses you.
There is an open door here.
Press: ? - help, v - describe, . - travel
Here: a deep troll (moderately wounded)
The floor.
Unknown command.
There is an open door here.
Things that are here:
a chain mail; a war axe The catoblepas breathes a plume of calcifying dust at you.
The blast of calcifying dust hits the deep troll.
The blast of calcifying dust hits you!
There is an open door here.
The deep troll is engulfed in calcifying dust.
The deep troll is moving more slowly.
The deep troll is engulfed in calcifying dust.
The deep troll stops moving altogether!
The deep troll is engulfed in calcifying dust.
The helpless deep troll fails to defend itself.
You thump the deep troll!
The deep troll is engulfed in calcifying dust.
The helpless deep troll fails to defend itself.
You bludgeon the deep troll!!
The deep troll is engulfed in calcifying dust.
The helpless deep troll fails to defend itself.
You bludgeon the deep troll!!
The deep troll is engulfed in calcifying dust.
The helpless deep troll fails to defend itself.
You flatten the deep troll like a pancake!!!
You kill the deep troll!
Okawaru is honoured by your kill.
The catoblepas breathes a plume of calcifying dust at you.
The blast of calcifying dust hits you!
There is an open door here.
All of the chunks of flesh in your inventory have rotted away.
Okay, then.
You are confused.
Your system partially rejects the healing.
You feel invigorated.
You bump into the rock wall.
The catoblepas breathes a plume of calcifying dust at you.
The blast of calcifying dust hits you!
You bump into the rock wall.
You bump into the rock wall.
The catoblepas gores you but does no damage.
You feel less invigorated.
You feel less confused.
The catoblepas breathes a plume of calcifying dust at you.
The blast of calcifying dust hits you! You block the catoblepas's attack.
You impale the catoblepas!!
The catoblepas breathes a plume of calcifying dust at you.
The blast of calcifying dust hits you!
You hit the catoblepas but do no damage.
The catoblepas gores you but does no damage.
You barely miss the catoblepas.
The catoblepas breathes a plume of calcifying dust at you.
The blast of calcifying dust hits you!
* * * LOW HITPOINT WARNING * * *
You hit the catoblepas.
The catoblepas breathes a plume of calcifying dust at you.
The blast of calcifying dust hits you!
You hit the catoblepas. The catoblepas closely misses you.
You puncture the catoblepas! You sock the catoblepas!
The catoblepas breathes a plume of calcifying dust at you.
The blast of calcifying dust hits you!
You hit the catoblepas but do no damage.
The catoblepas breathes a plume of calcifying dust at you.
The blast of calcifying dust hits you!
You bludgeon the catoblepas!! The catoblepas misses you.
You sock the catoblepas! The catoblepas gores you!!
* * * LOW HITPOINT WARNING * * *
You sock the catoblepas!
Unknown command.
Okay, then.
You feel yourself speed up.
The catoblepas gores you but does no damage.
The catoblepas breathes a plume of calcifying dust at you.
The blast of calcifying dust hits you!
The catoblepas breathes a plume of calcifying dust at you.
The blast of calcifying dust hits you!
You die...

#...... #.##### #.# #.# #.#####
################.....# ###
####.......Y............# ..#
#........§§.##########..# ..#
#......§@§..#..#..#§Y'... ..#
#....§§.....#..[..§..#... ..#
#...........##'#######..# ..#
#...........#..# #...
..#######....#####..#.=# #..#
....................##)# #...
..################..#..'8.'..#..#
### #.# #..#..#.8#..#...
###########.# #..##########...


You could see a catoblepas.

Vanquished Creatures
  3 two-headed ogres
  A deep troll (D:9)
  Pikel (D:5)
  A cyclops (D:9)
  Joseph (D:7)
  An elephant (D:9)
  Sigmund (D:2)
  A basilisk (D:9)
  A wyvern (D:8)
  3 hogs (D:8)
  2 yaks
  A human (D:8)
  A hungry ghost (D:8)
  A water moccasin (D:8)
  A black bear (D:8)
  An ice beast (D:7)
  2 sky beasts
  2 orc warriors
  A phantom (D:5)
  3 centaurs
  A boggart (D:9)
  2 ogres
  2 crocodiles
  A gnoll sergeant (D:8)
  6 bullfrogs
  A water moccasin zombie (D:9)
  2 scorpions (D:8)
  9 killer bees
  9 wights
  11 howler monkeys
  3 crimson imps
  2 bullfrog zombies
  2 jellies
  4 hounds
  2 orc priests (D:8)
  A bullfrog skeleton (D:8)
  A centaur skeleton (D:8)
  5 orc wizards
  3 iguanas
  4 worker ants
  2 hound skeletons
  A hound zombie (D:8)
  3 gnolls (D:8)
  13 adders
  4 shadow imps
  8 oozes
  2 adder zombies (D:8)
  2 adder skeletons
  9 worms
  3 dart slugs
  15 leopard geckos
  30 orcs
  6 giant cockroaches
  4 goblins
  14 hobgoblins
  14 jackals
  5 kobolds
  4 quokkas
  9 bats
  8 frilled lizards
  A jackal skeleton (D:4)
  A leopard gecko skeleton (D:4)
  A quokka skeleton (D:7)
  6 rats
265 creatures vanquished.

Vanquished Creatures (others)
  2 slaves (D:5)
  An orc wizard (D:4)
  A howler monkey zombie (D:5)
  A giant cockroach (D:5)
  A quokka (D:5)
6 creatures vanquished.

Grand Total: 271 creatures vanquished

Notes
Turn   | Place    | Note
-------+----------+-------------------------------------------
     0 | D:1      | RKaid the Gargoyle Gladiator began the quest for the Orb.
     0 | D:1      | Reached XP level 1. HP: 12/12 MP: 1/1
   149 | D:1      | Reached XP level 2. HP: 18/18 MP: 2/2
   705 | D:1      | Reached XP level 3. HP: 18/22 MP: 3/3
  1050 | D:2      | Reached skill level 3 in Fighting
  1198 | D:2      | Noticed Sigmund
  1211 | D:2      | HP: 4/23 [something (5)]
  1212 | D:2      | Killed Sigmund
  1212 | D:2      | Reached skill level 4 in Fighting
  1212 | D:2      | Reached skill level 5 in Maces & Flails
  1212 | D:2      | Reached XP level 4. HP: 5/29 MP: 4/4
  1212 | D:2      | Reached XP level 5. HP: 6/33 MP: 5/5
  1750 | D:2      | Reached XP level 6. HP: 36/38 MP: 6/6
  2639 | D:3      | Found an iron altar of Okawaru.
  2642 | D:3      | Found a snail-covered altar of Cheibriados.
  2644 | D:3      | Found a burning altar of Makhleb.
  2649 | D:3      | Became a worshipper of Warmaster Okawaru
  3281 | D:4      | Reached skill level 6 in Maces & Flails
  3327 | D:4      | Found a glowing drain.
  3331 | Sewer    | Entered a sewer
  3994 | D:4      | HP: 8/40 [hound (4)]
  4002 | D:4      | Reached skill level 5 in Fighting
  4002 | D:4      | Reached XP level 7. HP: 31/44 MP: 7/7
  4014 | D:4      | Reached skill level 1 in Shields
  4203 | D:4      | Reached * piety under Okawaru
  4207 | D:4      | Gained mutation: Potions are less effective at restoring your health. [mutagenic meat]
  4453 | D:4      | Reached skill level 7 in Maces & Flails
  4453 | D:4      | Reached skill level 2 in Shields
  4674 | D:5      | Entered Level 5 of the Dungeon
  4725 | D:5      | Noticed Pikel
  4749 | D:5      | HP: 11/45 [slave[Pikel] (3)]
  4754 | D:5      | Killed Pikel
  4754 | D:5      | Reached ** piety under Okawaru
  4754 | D:5      | Reached skill level 6 in Fighting
  4754 | D:5      | Reached skill level 8 in Maces & Flails
  4754 | D:5      | Reached skill level 3 in Shields
  4754 | D:5      | Reached XP level 8. HP: 30/52 MP: 6/8
  4757 | D:5      | Reached skill level 4 in Shields
  4917 | D:5      | Reached *** piety under Okawaru
  5720 | D:6      | Noticed a two-headed ogre
  6106 | D:6      | Killed a two-headed ogre
  6106 | D:6      | Reached **** piety under Okawaru
  6106 | D:6      | Reached skill level 7 in Fighting
  6106 | D:6      | Reached skill level 9 in Maces & Flails
  6106 | D:6      | Reached skill level 5 in Shields
  6106 | D:6      | Reached XP level 9. HP: 57/57 MP: 9/9
  6221 | D:6      | Found a shattered altar of Ashenzari.
  6469 | D:7      | Found a staircase to the Ecumenical Temple.
  6475 | D:7      | Reached skill level 1 in Armour
  6728 | D:7      | Found an opulent altar of Gozag.
  6927 | D:7      | Noticed Joseph
  6938 | D:7      | Reached skill level 2 in Armour
  6956 | D:7      | Killed Joseph
  6956 | D:7      | Received a gift from Okawaru
  6956 | D:7      | Reached skill level 10 in Maces & Flails
  7123 | D:7      | Reached skill level 8 in Fighting
  7123 | D:7      | Reached skill level 3 in Armour
  7317 | D:7      | Reached XP level 10. HP: 50/64 MP: 10/10
  7359 | D:7      | Found a basalt altar of Yredelemnul.
  7940 | D:8      | Reached skill level 4 in Armour
  7942 | D:8      | Reached skill level 11 in Maces & Flails
  7955 | D:8      | Received a gift from Okawaru
  8241 | D:8      | HP: 12/65 [killer bee (6)]
  8840 | D:8      | Found a burning altar of Makhleb.
  8944 | D:8      | Reached ***** piety under Okawaru
  8972 | D:8      | Received a gift from Okawaru
  8986 | D:8      | Reached skill level 9 in Fighting
  8992 | D:8      | HP: 14/66 [hound (3)]
  8997 | D:8      | HP: 12/66 [adder zombie (2)]
  9018 | D:8      | HP: 15/66 [adder zombie (2)]
  9025 | D:8      | HP: 14/66 [bullfrog zombie (2)]
  9033 | D:8      | HP: 14/66 [wyvern (5)]
  9467 | D:9      | Found a staircase to the Orcish Mines.
  9686 | D:9      | Reached skill level 12 in Maces & Flails
  9693 | D:9      | Noticed an elephant
  9696 | D:9      | Noticed Maurice
  9711 | D:9      | Killed an elephant
  9784 | D:9      | HP: 14/66 [acid (4)]
 10081 | D:9      | Reached XP level 11. HP: 62/71 MP: 11/11
 10086 | D:9      | Found a staircase to the Lair.
 10284 | D:9      | Found a runed door.
 10843 | D:9      | Found Ichochi's Antique Armour Boutique.
 11078 | D:9      | Noticed a cyclops
 11092 | D:9      | Noticed a two-headed ogre
 11115 | D:8      | Killed a two-headed ogre
 11115 | D:8      | Received a gift from Okawaru
 11268 | D:8      | Got a bone demon trident {god gift}
 11444 | D:9      | Reached skill level 10 in Fighting
 11452 | D:9      | Killed a cyclops
 11452 | D:9      | Reached skill level 13 in Maces & Flails
 11606 | D:9      | Noticed a catoblepas
 11610 | D:9      | Noticed a two-headed ogre
 11621 | D:9      | Killed a two-headed ogre
 11626 | D:9      | Noticed a deep troll
 11630 | D:9      | HP: 15/72 [deep troll (9)]
 11644 | D:9      | Killed a deep troll
 11673 | D:9      | HP: 2/73 [catoblepas (18)]
 11679 | D:9      | Killed from afar by a catoblepas

Skill      XL: |  1  2  3  4  5  6  7  8  9 10 11 |
---------------+----------------------------------+-----
Fighting       | 4 5 6 7 8 9 10 | 10.4
Maces & Flails | 5 6 8 9 10 12 13 | 13.4
Shields        | 3 5 |  5.3
Armour         | 3 4 |  4.4
Throwing       | |  1.7
Dodging        | |  2.4

Action                   |  1- 3 |  4- 6 |  7- 9 | 10-12 || total
-------------------------+-------+-------+-------+-------++-------
Melee: Flail             |   105 |   302 |   300 |   573 ||  1280
       Morningstar       |       |       |       |    32 ||    32
Invok: Heroism           |       |       |     5 |     2 ||     7
Evoke: Wand              |       |       |     1 |     2 ||     3
  Use: Scroll            |       |    11 |     6 |     6 ||    23
       Potion            |       |     2 |     2 |     4 ||     8
 Stab: Sleeping          |     1 |       |       |       ||     1
       Confused          |       |       |     1 |       ||     1
       Petrified         |       |       |       |    14 ||    14
  Eat: Chunk             |     1 |    10 |     6 |     9 ||    26
       Fruit             |       |       |     4 |       ||     4
       Royal jelly       |       |       |     1 |     4 ||     5
Armor: Leather armour    |    27 |       |       |       ||    27
       Ring mail         |    23 |   188 |    36 |   383 ||   630
       Chain mail        |       |       |   144 |       ||   144
Dodge: Dodged            |    76 |   226 |   151 |   377 ||   830
Block: Buckler           |       |     1 |    49 |   169 ||   219

Table legend:
 A = Turns spent in this place as a percentage of turns spent in the entire game.
 B = Non-inter-level travel turns spent in this place as a percentage of non-inter-level travel turns spent in the entire game.
 C = Inter-level travel turns spent in this place as a percentage of turns spent in this place.
 D = Turns resting spent in this place as a percentage of non-inter-level travel turns spent in this place.
 E = Turns spent auto-exploring this place as a percentage of non-inter-level travel turns spent in this place.
 F = Non-inter-level travel turns spent in this place divided by the number of levels of this place that you've seen.
                   A       B       C       D       E      F
               +-------+-------+-------+-------+-------+----------------------
         Total | 100.0 | 100.0 |   0.3 |   1.9 |   7.8 | 350.6
       Dungeon |  92.5 |  92.4 |   0.4 |   2.0 |   8.1 | 360.1
         Sewer |   7.5 |   7.6 |   0.0 |   0.0 |   4.2 | 265.0
               +-------+-------+-------+-------+-------+----------------------

Table legend:
 A = Kills in this place as a percentage of kills in entire the game.
 B = Kills by you in this place as a percentage of kills by you in the entire game.
 C = Kills by friends in this place as a percentage of kills by friends in the entire game.
 D = Other kills in this place as a percentage of other kills in the entire game.
 E = Experience gained in this place as a percentage of experience gained in the entire game.
 F = Experience gained in this place divided by the number of levels of this place that you have seen.
                   A       B       C       D       E      F
               +-------+-------+-------+-------+-------+----------------------
         Total | 100.0 | 100.0 |  -nan | 100.0 | 100.0 | 1369.1
       Dungeon |  90.6 |  90.6 |  -nan | 100.0 |  99.4 | 1511.7
         Sewer |   9.4 |   9.4 |  -nan |   0.0 |   0.6 |  86.0
               +-------+-------+-------+-------+-------+----------------------
